 Dungeon Crawl Stone Soup version 0.28-a0-233-gb8ca4b6547 (webtiles) character file.

Game seed: 13948515755833872665

25 morganobrien0 the Covered (level 2, -14/28 HPs)
             Began as a Deep Dwarf Fighter on Aug 22, 2021.
             Demolished by an ogre (20 damage)
             ... on level 2 of the Dungeon.
             The game lasted 00:03:22 (1598 turns).

morganobrien0 the Covered (Deep Dwarf Fighter)      Turns: 1598, Time: 00:03:24

Health: -14/28     AC:  8    Str: 19    XL:     2   Next: 82%
Magic:  2/2        EV:  7    Int:  8    God:
Gold:   45         SH:  8    Dex: 12    Spells: 1/1 levels left

rFire   . . .      SeeInvis .   a - +0 flail
rCold   . . .      Faith    .   c - +0 kite shield
rNeg    . . .      Spirit   .   b - +0 scale mail
rPois   .          Reflect  .   (no helmet)
rElec   .          Harm     .   (no cloak)
rCorr   .          Rampage  .   f - +0 pair of gloves
Will    .....                   (no boots)
Stlth   ..........              (no amulet)
HPRegen 0.00/turn               (no ring)
MPRegen 0.08/turn               (no ring)

@: no status effects
A: damage resistance, heal wounds, sense surroundings 1, no regeneration
a: Heal Wounds


You were on level 2 of the Dungeon.
You visited 1 branch of the dungeon, and saw 2 of its levels.

You collected 45 gold pieces.

Inventory:

Hand Weapons
 a - a +0 flail (weapon)
Armour
 b - a +0 scale mail (worn)
 c - a +0 kite shield (worn)
 f - a +0 pair of gloves (worn)
Scrolls
 e - a scroll of summoning {unknown}
 i - a scroll of immolation {unknown}
Potions
 d - a potion of might
 g - a potion of lignification {unknown}
 h - a potion of degeneration {unknown}


   Skills:
 + Level 3.0 Fighting
 + Level 2.4 Maces & Flails
 + Level 3.6 Armour
 + Level 0.6 Stealth
 + Level 3.5 Shields


You had one spell level left.
You didn't know any spells.
Your spell library was empty.

Dungeon Overview and Level Annotations

Branches:
Dungeon (2/15)

Altars:


Innate Abilities, Weirdness & Mutations

You are resistant to damage.
You can heal yourself by infusing magical energy.
You passively map a small area around you.
You do not regenerate.


Message History

You sock the hobgoblin!
You kill the hobgoblin!
You now have 43 gold pieces (gained 7).
You open the door.
There is an open door here.
You open the door.
There is an open door here.
You now have 45 gold pieces (gained 2).
Done exploring.
Done exploring.
Done exploring.
There is an open door here.
There is a stone staircase leading down here.
You climb downwards.
Found a scroll labelled SYDYOT PEAN.
Found a stone staircase leading down.
There is a stone staircase leading up here.
i - a scroll labelled SYDYOT PEAN A ball python comes into view.
The ball python hisses angrily.
A giant cockroach and an ogre come into view.
The ogre shouts!
You sock the ball python!
You kill the ball python!
You sock the giant cockroach!
You kill the giant cockroach!
You thump the ogre!
The ogre is moderately wounded.
A quokka comes into view.
You block the ogre's attack.
You hit the ogre.
The ogre is moderately wounded.
You block the ogre's attack.
You hit the ogre.
The ogre is heavily wounded.
The ogre hits you with a +0 giant club!!
Ouch! That really hurt!
* * * LOW HITPOINT WARNING * * *
The ogre hits you with a +0 giant club!!
Ouch! That really hurt!
You die...

#.#* ,.. , , ** #.#
,... , #.###.. ,. ,
* #...., .. , .###
*#..# ,, ... *
.....##<.# ,....
.###.....# ..... ,
#.....#.###......,,
.>###...@Or...# *
#....###.....# * *
, #.#### ###.# #. *
, ,* #, * * , * * ,
, * , , , * * , ,


You could see an ogre and a quokka.

Vanquished Creatures
  A ball python (D:2)
  4 bats (D:1)
  An endoplasm (D:1)
  3 giant cockroaches
  4 goblins (D:1)
  4 hobgoblins (D:1)
  2 kobolds (D:1)
  A rat (D:1)
20 creatures vanquished.

Notes
Turn   | Place    | Note
-------+----------+-------------------------------------------
     0 | D:1      | morganobrien0 the Deep Dwarf Fighter began the quest for
                  | the Orb.
     0 | D:1      | Reached XP level 1. HP: 20/20 MP: 1/1
    12 | D:1      | Found a faded altar of an unknown god.
   330 | D:1      | Reached XP level 2. HP: 21/27 MP: 2/2
  1590 | D:2      | Noticed an ogre
  1598 | D:2      | Demolished by an ogre

Illustrated notes

Levels and vault maps discovered:
D:1:      roderic_crossed_star, layout_basic, ebering_ecumenical_altar_webs,
          serial_bayou_lagoon_a, minmay_misc_feat_rugged,
          chequers_serial_rivers_small_b, hangedman_abyss_or_decor_lesser_grid
D:2:      layout_rooms, serial_shops, nicolae_shop_trees, nicolae_shop_trees,
          serial_glass, glass_columns_c, glass_columns_c, glass_columns_a,
          glass_columns_a, glass_columns_a, glass_columns_b, item_on_display_a,
          minmay_strange_pillars, item_on_display_a, uniq_crazy_yiuf_cottage,
          uniq_jessica

Skill      XL: |  1  2 |
---------------+-------+-----
Fighting       | 3 |  3.0
Maces & Flails | |  2.4
Armour         | |  3.6
Stealth        | |  0.6
Shields        | |  3.5

Action                   || total
-------------------------++-------
Melee: Flail             ||    52
  Use: Potion            ||     1
Armor: Scale mail        ||    25
Dodge: Dodged            ||    12
Block: Kite shield       ||    25

Table legend: (Time is in decaauts)
 A = Elapsed time spent in this place.
 B = Non-inter-level travel time spent in this place.
 C = Inter-level travel time spent in this place.
 D = Time resting spent in this place.
 E = Time spent auto-exploring this place.
 F = Levels seen in this place.
 G = Mean time per level.
                   A        B        C        D        E       F      G
               +--------+--------+--------+--------+--------+-----+--------+
         Total |   1627 |   1525 |    102 |    600 |    736 |   2 |  813.5 |
       Dungeon |   1627 |   1525 |    102 |    600 |    736 |   2 |  813.5 |
               +--------+--------+--------+--------+--------+-----+--------+

Top non-repeatable levels by time:
     D:1: 1613 daAuts
     D:2: 14 daAuts
